 Dungeon Crawl Stone Soup version 0.25-a0-251-g572059c536 (webtiles) character file.

Game seed: 1248375686994199399, levelgen mode: classic

5076 Borgoz the Carver (level 10, -1/66 HPs)
             Began as a Gargoyle Fighter on Dec 4, 2019.
             Was a Believer of Ashenzari.
             Killed from afar by a lich (65 damage)
             ... with a crystal spear
             ... on level 1 of the Abyss.
             The game lasted 00:17:53 (9953 turns).

Borgoz the Carver (Gargoyle Fighter)                Turns: 9953, Time: 00:17:54

Health: -1/66      AC: 25    Str: 20    XL:     10   Next: 56%
Magic:  10/10      EV:  7    Int:  9    God:    Ashenzari [**....]
Gold:   201        SH:  9    Dex: 12    Spells: 9/9 levels left

rFire    + + .     SeeInvis +   a - +1 long sword
rCold    x . .     Gourm    .   c - +0 shield
rNeg     + . .     Faith    .   v - +3 scale mail
rPois    ∞         Spirit   .   I - +0 helmet
rElec    +         Reflect  .   G - +0 cloak
rCorr    .         Harm     .   j - +0 pair of gloves
MR       .....                  i - +1 pair of boots
Stlth    ..........             (no amulet)
HPRegen  0.21/turn              k - ring of fire
MPRegen  0.12/turn              p - ring of see invisible

@: no status effects
A: hooves 1, fire resistance 1, negative energy resistance 1, electricity
resistance, unbreathing, petrification resistance, rot immunity, AC +7
a: Curse Item, Scrying, Renounce Religion


You were on level 1 of the Abyss.
You worshipped Ashenzari.
Ashenzari was pleased with you.
You were not hungry.

You visited 2 branches of the dungeon, and saw 11 of its levels.
You visited the Abyss 1 time.
You also visited: Ossuary.

You collected 514 gold pieces.
You spent 313 gold pieces at shops.

Inventory:

Hand Weapons
 a - a +1 long sword (weapon)
 t - a +3 great sword of holy wrath
Armour
 c - a +0 shield (worn)
 i - a +1 pair of boots (worn)
 j - a +0 pair of gloves (worn)
 v - a +3 scale mail (worn)
 G - a +0 cloak (worn)
 H - the cursed +1 leather armour of Nussum {Str+4}
   (You found it on level 9 of the Dungeon)

   It affects your strength (+4).
   It has a curse placed upon it.
 I - a +0 helmet (worn)
 L - a +0 buckler
Jewellery
 g - an uncursed ring of flight
 h - an uncursed ring of magical power
 k - a ring of fire (left hand)
 l - an uncursed ring of positive energy
 p - a ring of see invisible (right hand)
 K - an uncursed ring of protection from cold
Wands
 u - a wand of enslavement (14)
Scrolls
 e - a scroll of remove curse
 n - 5 scrolls of teleportation
 y - 4 scrolls of amnesia
 B - a scroll of blinking
 C - a scroll of magic mapping
 F - a scroll of enchant weapon
 J - 2 scrolls of identify
Potions
 b - 3 potions of heal wounds {unknown}
 d - a potion of invisibility {unknown}
 m - a potion of haste
 o - 4 potions of mutation
 q - 4 potions of flight
 r - 3 potions of degeneration {unknown}
 s - 2 potions of berserk rage {unknown}
 w - 3 potions of curing
 x - a potion of ambrosia
 z - 3 potions of magic
 A - a potion of resistance
 E - 2 potions of lignification
Comestibles
 f - 18 rations


   Skills:
 + Level 9.0 Fighting
 * Level 10.1 Long Blades
 + Level 9.0 Armour
 - Level 3.2 Shields


You had 9 spell levels left.
You didn't know any spells.
Your spell library was empty.

Dungeon Overview and Level Annotations

Branches:
Dungeon (10/15)            Temple (1/1) D:5            Lair (0/6) D:8
Ossuary (visited)
    Orc: D:9-12

Altars:
Ashenzari
Cheibriados
Dithmenos
Elyvilon
Fedhas
Gozag
Hepliaklqana
Kikubaaqudgha
Makhleb
Nemelex Xobeh
Okawaru
Qazlal
Ru
Sif Muna
Trog
Uskayaw
Vehumet
Wu Jian
Xom
Yredelemnul
Zin
The Shining One

Shops:
D:9 *!([

Annotations:
D:10 Sonja


Innate Abilities, Weirdness & Mutations

You are resistant to torment.
Your stone body is resilient. (AC +7)
You are immune to poison.
You resist negative energy. (rN+)
You are resistant to electric shocks. (rElec)
You can survive without breathing.
You are immune to petrification.
You are immune to rotting.
You have large cloven feet.
Your flesh is heat resistant. (rF+)


Message History

You riposte.
You slash the thrashing horror!
The thrashing horror is severely damaged.
The thrashing horror tramples you but does no damage.
You are suddenly pulled into a different region of the Abyss!
You start resting.
Eating one of 2 chunks of flesh.
You eat one of the 2 chunks of flesh.
This raw flesh tastes terrible.
You are suddenly pulled into a different region of the Abyss!
You start resting.
All of the chunks of flesh in your inventory have rotted away.
You are suddenly pulled into a different region of the Abyss!
Found an uncursed robe.
A lich comes into view.
The lich shouts!
The lich gestures at you while chanting.
You are unaffected.
You see here an uncursed robe.
The lich points at you and mumbles some strange words.
The crystal spear hits you!!!
Ouch! That really hurt!
You die...

** ,,*,** ...##, * * *
,, **##..#..## , , ,, ,
#.......# * ,* *
,#######...... # , #
#.....#.......# * #,#.
#....#...... #. ,
#.#.#.####..........#..#
........##..#..#.......#
* #..@[......#........
#..L#.##.....##.....## *
....#*#.##.....#.... .#
#.# .........#......#.
#* , ....,######......#.
...... , , , * *
.#.....* *, , , *
#..#....., , , , , , ,


You could see a lich.

Vanquished Creatures
  Maurice (D:9)
  2 wyverns (D:8)
  A wraith (Ossuary)
  2 basilisks (D:8)
  Menkaure (D:5)
  An acid dragon (D:8)
  A water moccasin (D:10)
  An orc warrior (D:7)
  A sky beast (D:5)
  An ice beast (D:9)
  5 phantoms
  A necrophage (D:10)
  5 ogres
  A centaur (D:5)
  A crocodile (D:8)
  A big kobold (D:10)
  5 bullfrogs
  A gnoll sergeant (D:5)
  A wyvern zombie (D:10)
  A wyvern skeleton (D:9)
  3 scorpions
  3 howler monkeys (D:10)
  4 crimson imps
  A quasit (D:8)
  A centaur zombie (D:10)
  4 iguanas
  2 centaur skeletons
  3 hounds
  2 jellies
  6 orc wizards
  5 bullfrog skeletons
  5 worker ants
  A killer bee zombie (D:8)
  A mummy (Ossuary)
  A howler monkey zombie (D:8)
  9 gnolls
  9 adders
  An ooze (D:3)
  A worm (D:2)
  3 leopard geckos (D:3)
  23 orcs
  2 ball pythons
  6 bats
  7 giant cockroaches
  9 goblins
  19 hobgoblins
  4 jackals (D:6)
  A quokka (D:6)
  5 frilled lizards
  6 gnoll skeletons (Ossuary)
  A jackal skeleton (D:4)
  12 kobolds
  4 kobold skeletons (Ossuary)
  2 leopard gecko skeletons (D:4)
  2 leopard gecko zombies
  15 orc skeletons (Ossuary)
  3 quokka skeletons
  4 rats
224 creatures vanquished.

Vanquished Creatures (others)
  A deep elf mage (D:10)
1 creature vanquished.

Grand Total: 225 creatures vanquished

Notes
Turn   | Place    | Note
-------+----------+-------------------------------------------
     0 | D:1      | Borgoz the Gargoyle Fighter began the quest for the Orb.
     0 | D:1      | Reached XP level 1. HP: 14/14 MP: 1/1
   565 | D:1      | Reached skill level 2 in Long Blades
   658 | D:1      | Reached XP level 2. HP: 15/19 MP: 2/2
  1354 | D:2      | Reached XP level 3. HP: 21/23 MP: 3/3
  1490 | D:2      | Found a sacrificial altar of Ru.
  1894 | D:3      | Reached skill level 3 in Long Blades
  1894 | D:3      | Reached XP level 4. HP: 24/29 MP: 4/4
  2065 | D:3      | Found a shadowy altar of Dithmenos.
  2164 | D:3      | Reached XP level 5. HP: 30/33 MP: 5/5
  2346 | D:3      | Found an ornate altar of the Wu Jian Council.
  2576 | D:4      | Found a sand-covered staircase.
  2581 | Ossuary  | Entered an ossuary
  2581 | Ossuary  | Noticed a wraith
  2581 | Ossuary  | Noticed a wraith
  2581 | Ossuary  | Noticed a wraith
  2830 | Ossuary  | Noticed a wraith
  2852 | Ossuary  | Killed a wraith
  2852 | Ossuary  | Reached skill level 4 in Long Blades
  2852 | Ossuary  | Reached XP level 6. HP: 19/40 MP: 6/6
  3120 | D:4      | Reached skill level 5 in Fighting
  3120 | D:4      | Reached skill level 5 in Armour
  3297 | D:4      | Found an opulent altar of Gozag.
  3364 | D:4      | Reached XP level 7. HP: 44/44 MP: 7/7
  3434 | D:4      | Reached skill level 5 in Long Blades
  3861 | D:4      | Found a shattered altar of Ashenzari.
  3862 | D:4      | Found a shimmering blue altar of Sif Muna.
  3862 | D:4      | Found a sparkling altar of Nemelex Xobeh.
  3863 | D:4      | Found a radiant altar of Vehumet.
  3891 | D:4      | Became a worshipper of Ashenzari the Shackled
  4093 | D:5      | Entered Level 5 of the Dungeon
  4429 | D:5      | Reached XP level 8. HP: 51/51 MP: 8/8
  4438 | D:5      | Noticed Menkaure
  4445 | D:5      | Killed Menkaure
  4445 | D:5      | Reached skill level 6 in Long Blades
  4603 | D:5      | Found a staircase to the Ecumenical Temple.
  4718 | Temple   | Entered the Ecumenical Temple
  5106 | D:6      | Found a white marble altar of Elyvilon.
  5349 | D:6      | Reached skill level 7 in Long Blades
  5425 | D:6      | Reached * piety under Ashenzari
  5526 | D:6      | Found a basalt altar of Yredelemnul.
  5873 | D:7      | Reached XP level 9. HP: 31/56 MP: 9/9
  6701 | D:8      | Reached skill level 8 in Long Blades
  6820 | D:8      | Found a blossoming altar of Fedhas.
  7153 | D:8      | Found a bloodstained altar of Trog.
  7187 | D:8      | Found a blossoming altar of Fedhas.
  7588 | D:8      | Gained mutation: Your flesh is heat resistant. (rF+)
                  | [potion of mutation]
  7588 | D:8      | Gained mutation: You have large cloven feet. [potion of
                  | mutation]
  7879 | D:8      | HP: 2/88 [basilisk (6)]
  7911 | D:8      | Reached skill level 9 in Long Blades
  7920 | D:8      | Found a staircase to the Lair.
  8437 | D:9      | Found Atumut's Distillery.
  8470 | D:9      | Reached XP level 10. HP: 56/64 MP: 10/10
  8538 | D:9      | Found Ymaofap's Armour Shoppe.
  8546 | D:9      | Noticed Maurice
  8567 | D:9      | Killed Maurice
  8609 | D:10     | Entered Level 10 of the Dungeon
  8697 | D:10     | Reached ** piety under Ashenzari
  8793 | D:10     | Noticed a deep elf mage
  8913 | D:9      | Found Ipnor's Antique Weapon Emporium.
  8916 | D:9      | Bought a runed great sword for 313 gold pieces
  8985 | D:9      | Found a hazy altar of Hepliaklqana.
  9111 | D:9      | Got the cursed leather armour of Nussum {Str+4}
  9208 | D:9      | Found Cautzetz's Assorted Antiques.
  9300 | D:9      | Found a basalt altar of Yredelemnul.
  9404 | D:10     | Killed a deep elf mage
  9476 | D:10     | Reached skill level 10 in Long Blades
  9716 | D:10     | Noticed Sonja
  9719 | D:10     | Cast into level 1 of the Abyss (Sonja)
  9735 | Abyss:1  | Noticed a thrashing horror
  9950 | Abyss:1  | Noticed a lich
  9953 | Abyss:1  | Killed from afar by a lich

Levels and vault maps discovered:
D:1:      giann_wishing_wells, layout_basic, serial_rivers,
          chequers_serial_rivers_marsh, chequers_serial_rivers_marsh,
          chequers_serial_rivers_micro_b, chequers_serial_rivers_large_b,
          chequers_serial_rivers_marsh
D:2:      layout_rooms, hangedman_ru_absence
D:3:      layout_rooms, lemuel_round_altar, grunt_dithmenos_smoke_and_mirrors
D:4:      layout_loops_ring, minitemple, lemuel_round_altar, enter_ossuary_2,
          first_ration, sigmund_army
D:5:      layout_cave_pools, temple_hall, uniq_menkaure
D:6:      layout_loops_ring, kennysheep_little_box, yredelemnul_altar_generic
D:7:      layout_basic
D:8:      layout_rooms, overflow_temple_1_default,
          nicolae_overflow_hidden_temple, erik_lair_dragon,
          fedhas_ov_isle_minmay
D:9:      layout_loops_cross, lemuel_doored_altar, kennysheep_mini_moat,
          serial_shops, nicolae_shop_temple_entry_statues_fountains,
          nicolae_shop_behind_doors, nicolae_shop_trees,
          nicolae_shop_behind_doors, uniq_maurice
D:10:     layout_irregular_city, orc_0_dummy, hangedman_stone_soup, uniq_sonja
Temple:   nicolae_temple_figure_zero
Abyss:1:  base: D:8, minivault_1, bh_abyss_exit_grid

Skill      XL: |  1  2  3  4  5  6  7  8  9 10 |
---------------+-------------------------------+-----
Long Blades    | 2 3 4 5 7 9 10 | 10.1
Fighting       | 4 5 6 8 9 |  9.0
Armour         | 4 5 6 8 9 |  9.0
Shields        | |  3.2

Action                   |  1- 3 |  4- 6 |  7- 9 | 10-12 || total
-------------------------+-------+-------+-------+-------++-------
Melee: Long sword        |   131 |   190 |   538 |   198 ||  1057
Evoke: Wand              |       |       |     4 |       ||     4
  Use: Scroll            |     1 |     4 |     9 |     2 ||    16
       Potion            |       |     3 |     6 |     1 ||    10
 Stab: Paralysed         |       |       |     9 |       ||     9
  Eat: Chunk             |     3 |     6 |    17 |     5 ||    31
Armor: Scale mail        |    86 |    84 |   314 |   135 ||   619
       Skin              |       |       |    11 |       ||    11
Dodge: Dodged            |    45 |    71 |   190 |    85 ||   391
Block: Shield            |    74 |   107 |   273 |   105 ||   559
       Rpst.: Long sword |    15 |    22 |    51 |    24 ||   112

Table legend:
 A = Non-vault XP
 B = Vault XP
 C = Vault XP percentage of total XP
 D = Non-vault monster count
 E = Vault monster count
 F = Vault count percentage of total count
                 A         B        C        D         E       F
            +---------+---------+-------+---------+---------+-------
      Total |    4761 |    2491 |  34.3 |     177 |      48 |  21.3
            +---------+---------+-------+---------+---------+-------
        D:1 |      22 |       0 |   0.0 |      13 |       0 |   0.0
        D:2 |      46 |       0 |   0.0 |      22 |       0 |   0.0
        D:3 |     135 |       0 |   0.0 |      25 |       0 |   0.0
        D:4 |     314 |      18 |   5.4 |      12 |       9 |  42.9
        D:5 |     580 |     157 |  21.3 |      21 |       1 |   4.5
        D:6 |     625 |       0 |   0.0 |      19 |       0 |   0.0
        D:7 |     598 |       0 |   0.0 |      14 |       0 |   0.0
        D:8 |     682 |    1058 |  60.8 |      17 |       6 |  26.1
        D:9 |     925 |     480 |  34.2 |      16 |       1 |   5.9
       D:10 |     834 |     530 |  38.9 |      18 |       4 |  18.2
    Ossuary |       0 |     248 | 100.0 |       0 |      27 | 100.0
            +---------+---------+-------+---------+---------+-------
